 Dungeon Crawl Stone Soup version 0.25-a0-474-ga8a2ee3166 (webtiles) character file.

Game seed: 8476106446344620122, levelgen mode: deterministic

76 kae the Ruffian (level 4, -2/35 (36) HPs)
             Began as a Ghoul Gladiator on Feb 7, 2020.
             Slain by an orc wizard
             ... wielding a +0 dagger
              (5 damage)
             ... on level 3 of the Dungeon.
             The game lasted 00:02:20 (1793 turns).

kae the Ruffian (Ghoul Gladiator)                   Turns: 1793, Time: 00:02:21

HP:   -2/35 (36)    AC:  8    Str: 17    XL:     4   Next: 32%
MP:   3/3           EV: 12    Int:  3    God:
Gold: 115           SH:  0    Dex: 11    Spells: 3/3 levels left

rFire    . . .     SeeInvis .     - Unarmed
rCold    + . .     Gourm    .   (no shield)
rNeg     + + +     Faith    .   p - +0 swamp dragon scales
rPois    ∞         Spirit   .   b - +0 helmet
rElec    .         Reflect  .   (no cloak)
rCorr    .         Harm     .   (no gloves)
MR       .....                  (no boots)
Stlth    ..........             (no amulet)
HPRegen  0.00/turn              e - +1 ring of evasion
MPRegen  0.08/turn              (no ring)

@: confused, rotting, very slow
A: rotting body, claws 1, carnivore, cold resistance 1, negative energy
resistance 3, inhibited regeneration, torment resistance, unbreathing
a: no special abilities


You were on level 3 of the Dungeon.
You were not hungry.

You visited 1 branch of the dungeon, and saw 3 of its levels.

You collected 115 gold pieces.

Inventory:

Missiles
 c - 3 throwing nets (quivered)
Armour
 a - a +0 leather armour
 b - a +0 helmet (worn)
 p - +0 swamp dragon scales (worn)
Jewellery
 e - a +1 ring of evasion (left claw)
Wands
 l - a wand of polymorph (9)
Potions
 j - a potion of magic
Comestibles
 d - 5 rations
 n - 5 chunks of flesh


   Skills:
 - Level 2.1 Fighting
 - Level 1.7 Throwing
 - Level 2.6 Dodging
 + Level 5.5 Unarmed Combat


You had 3 spell levels left.
You didn't know any spells.
Your spell library was empty.

Dungeon Overview and Level Annotations

Branches:
Dungeon (3/15)

Altars:

Annotations:
D:3 Ijyb, Natasha


Innate Abilities, Weirdness & Mutations

Your body is rotting away.
You thrive on raw meat.
You are immune to poison.
You have sharp fingernails.
You are carnivorous and can eat meat at any time.
Your flesh is cold resistant. (rC+)
You are immune to negative energy. (rN+++)
You do not regenerate when monsters are visible.
You are immune to unholy pain and torment.
You can survive without breathing.


Message History

Natasha mumbles some strange words.
Something hits you but does no damage.
You hear a zap.
You hear a grinding noise.
Something hits you but does no damage.
You enter the shallow water.
Moving in this stuff is going to be slow.
Ijyb zaps a wand.
Something is blasted!
Something hits you but does no damage.
Okay, then.
You're too confused to move!
You hear some strange, mumbled words.
A magic dart appears from out of thin air!
The magic dart hits you.
* * * LOW HITPOINT WARNING * * *
The orc hits you but does no damage. Something hits you.
* * * LOW HITPOINT WARNING * * *
Ijyb zaps a wand.
You nearly stumble into some deep water!
The crimson imp disappears in a puff of smoke!
Something hits you.
You die...

...#######'#....#.#.# #.##.##
...............##.#.# #......
.#####.........##.#.##### #....##
.# #.####.....≈≈.≈....####.#...
.# ###≈≈##<.≈......≈.≈.....#.#.
.########≈##.≈≈.....≈≈..≈≈.#####.
.'......#≈≈≈≈≈≈≈≈≈≈≈≈≈≈≈≈≈≈≈#**##
.#########≈≈≈≈≈o≈≈≈.≈≈≈≈≈≈≈≈≈≈#
## #####hg..@.≈≈.≈≈...≈####*
#....o..≈§.≈≈...≈.### #.##
#########..#.###.........#***#...
.........................+,,,....
######.###..##.#........,****#...
# # ##.##.#........,* #.## #
#.##.####+####** *,*# #
#.........#**** *,*# #
#...o######*,,******,,,


You could see Ijyb (inner flame), Natasha and 2 orcs.

Vanquished Creatures
  2 adders (D:2)
  An ooze (D:2)
  3 dart slugs (D:1)
  A leopard gecko (D:2)
  A ball python (D:1)
  8 bats
  4 giant cockroaches
  3 goblins
  6 hobgoblins
  3 quokkas
  4 frilled lizards
  5 kobolds
  6 rats
47 creatures vanquished.

Notes
Turn   | Place    | Note
-------+----------+-------------------------------------------
     0 | D:1      | kae the Ghoul Gladiator began the quest for the Orb.
     0 | D:1      | Reached XP level 1. HP: 17/17 MP: 0/0
   152 | D:1      | Reached XP level 2. HP: 23/24 MP: 1/1
   204 | D:1      | Reached skill level 4 in Unarmed Combat
  1004 | D:1      | Reached XP level 3. HP: 29/29 MP: 2/2
  1292 | D:2      | Reached skill level 5 in Unarmed Combat
  1331 | D:2      | Reached XP level 4. HP: 30/36 MP: 3/3
  1760 | D:3      | Noticed Ijyb
  1780 | D:3      | Noticed Natasha
  1793 | D:3      | Slain by an orc wizard

Levels and vault maps discovered:
D:1:      elethiomel_arrival_quiet, layout_basic
D:2:      layout_rooms
D:3:      minmay_bubble_buster, layout_basic, chequers_serial_rivers_small_3,
          uniq_crazy_yiuf_cottage, uniq_ijyb, uniq_natasha

Skill      XL: |  1  2  3 |
---------------+----------+-----
Unarmed Combat | 4 5 |  5.5
Fighting       | |  2.1
Throwing       | |  1.7
Dodging        | |  2.6

Action                   |  1- 3 |  4- 6 || total
-------------------------+-------+-------++-------
Melee: Unarmed           |   113 |    37 ||   150
       Punch             |     1 |     1 ||     2
  Use: Scroll            |       |     6 ||     6
       Potion            |       |     2 ||     2
  Eat: Chunk             |    13 |       ||    13
Armor: Leather armour    |    30 |     5 ||    35
       Swamp dragon scal |       |    14 ||    14
Dodge: Dodged            |    59 |    23 ||    82

Table legend:
 A = Non-vault XP
 B = Vault XP
 C = Vault XP percentage of total XP
 D = Non-vault monster count
 E = Vault monster count
 F = Vault count percentage of total count
                 A         B        C        D         E       F
            +---------+---------+-------+---------+---------+-------
      Total |     109 |       0 |   0.0 |      47 |       0 |   0.0
            +---------+---------+-------+---------+---------+-------
        D:1 |      40 |       0 |   0.0 |      23 |       0 |   0.0
        D:2 |      61 |       0 |   0.0 |      20 |       0 |   0.0
        D:3 |       8 |       0 |   0.0 |       4 |       0 |   0.0
            +---------+---------+-------+---------+---------+-------
